 Dungeon Crawl Stone Soup version bcrawl-1.13.2 (webtiles) character file.

Game seed: 16112825219316869302

73 Felnil the Covered (level 4, -5/29 HPs)
             Began as a Skeleton Fighter on Aug 10, 2019.
             Slain by a goblin
             ... wielding a +1 dagger of electrocution
              (9 damage)
             ... on level 2 of the Dungeon.
             The game lasted 00:02:49 (1475 turns).

Felnil the Covered (Skeleton Fighter)               Turns: 1475, Time: 00:02:49

Health: -5/29      AC:  7    Str: 23      XL:     4   Next: 8%
Magic:  0/4        EV:  8    Int:  7      God:
Gold:   86         SH:  9    Dex:  7 (8)  Spells: 3/3 levels left

rFire    . . .     SeeInvis .   a - +0 war axe
rCold    + . .     Gourm    .   c - +0 shield
rNeg     + + +     Faith    .   b - +0 scale mail
rPois    ∞         Spirit   +   (no helmet)
rElec    .         Reflect  .   (no cloak)
rCorr    .         Harm     .   (no gloves)
MR       .....                  (no boots)
Stlth    ..........             (no amulet)
HPRegen  0.09/turn              (no ring)
MPRegen  0.09/turn              (no ring)

@: no status effects
A: no food or potions, cold resistance 1, deterioration 1, negative energy
resistance 3, torment resistance, unbreathing, magic shield, sturdy frame 1,
spell healing
a: no special abilities


You were on level 2 of the Dungeon.
You were not hungry.

You visited 1 branch of the dungeon, and saw 2 of its levels.

You collected 86 gold pieces.

Inventory:

Hand Weapons
 a - a +0 war axe (weapon)
Armour
 b - a +0 scale mail (worn)
 c - a +0 shield (worn)
Scrolls
 d - 4 scrolls of teleportation {unknown}
 e - a scroll of remove curse {unknown}
 f - 2 scrolls of identify {unknown}
 g - a scroll of amnesia {unknown}


   Skills:
 + Level 4.1 Fighting
 - Level 2.4 Axes
 + Level 4.5 Armour
 - Level 3.6 Shields


You had 3 spell levels left.
You didn't know any spells.
Your spell library was empty.

Dungeon Overview and Level Annotations

Branches:
Dungeon (2/12)

Altars:


Innate Abilities, Weirdness & Mutations

You do not eat or drink.
You are immune to poison.
Your flesh is cold resistant. (rC+)
Your body sometimes deteriorates upon taking damage.
You are immune to negative energy. (rN+++)
You are immune to unholy pain and torment.
You can survive without breathing.
When hurt, damage is shared between your health and your magic reserves.
Your movements are slightly less encumbered by armour. (ER -2)
Casting spells heals you.


Message History

You closely miss the goblin. You closely miss the ball python.
The ball python bites you but does no damage.
The ball python constricts you.
The goblin hits you with a +1 dagger of electrocution.
You are electrocuted!
* * * LOW HITPOINT WARNING * * *
You block the goblin's attack.
The ball python bites you but does no damage.
The ball python constricts you.
You closely miss the goblin.
You hit the ball python but do no damage.
You block the ball python's attack. The ball python constricts you.
You block the goblin's attack.
The ball python bites you but does no damage.
The ball python constricts you.
Okay, then.
You escape the ball python's grasp.
There is a stone staircase leading up here.
The goblin hits you but does no damage.
You are electrocuted!
You die...

##..............# ##.#
#...####........####..#
..#(###...........##.##
..#...............##.#
.....#######...#.....###
.#...# ##..........#
.#....# #..........#
....#.## #..gS.>....#
..#....# #...@......#
....#..### ##..........#
....#....###.......#####
..#.#..#...#.......#
..............†....#
..........##.......#
#.........##.....!.#
##........##.......#
##........##...[...#


You could see a goblin and a ball python.

Vanquished Creatures
  Terence (D:2)
  2 leopard geckos (D:1)
  4 bats (D:1)
  2 giant cockroaches
  7 goblins
  8 hobgoblins
  A jackal (D:1)
  A quokka (D:2)
  A ball python (D:1)
  2 frilled lizards (D:1)
  6 kobolds (D:1)
  7 rats
42 creatures vanquished.

Notes
Turn   | Place    | Note
-------+----------+-------------------------------------------
     0 | D:1      | Felnil the Skeleton Fighter began the quest for the Orb.
     0 | D:1      | Reached XP level 1. HP: 14/14 MP: 1/1
   179 | D:1      | Reached XP level 2. HP: 15/19 MP: 0/2
   675 | D:1      | Reached XP level 3. HP: 19/23 MP: 3/3
  1179 | D:2      | Noticed Terence
  1207 | D:2      | Killed Terence
  1334 | D:2      | Reached XP level 4. HP: 29/29 MP: 4/4
  1451 | D:2      | HP: 1/29 [goblin/+1 dagger of electrocution (10)]
  1475 | D:2      | Slain by a goblin

Skill      XL: |  1  2  3 |
---------------+----------+-----
Armour         | 4 |  4.5
Fighting       | 4 |  4.1
Axes           | |  2.4
Shields        | |  3.6

Action                   |  1- 3 |  4- 6 || total
-------------------------+-------+-------++-------
Melee: War axe           |   107 |    20 ||   127
Armor: Scale mail        |    60 |    15 ||    75
Dodge: Dodged            |    55 |     6 ||    61
Block: Shield            |    59 |    16 ||    75
